 Dungeon Crawl Stone Soup version 0.31.0-9-g3a7656b989 (webtiles) character file.

Game seed: 4218326508344190629

31 qw the Shooter (level 3, -4/20 HPs)
             Began as a Deep Elf Hunter on Feb 2, 2024.
             Slain by a gnoll
             ... wielding a +0 whip
              (6 damage)
             ... on level 1 of the Dungeon.
             The game lasted 00:00:02 (1069 turns).

qw the Shooter (Deep Elf Hunter)                    Turns: 1069, Time: 00:00:03

Health: -4/20      AC:  3    Str: 10    XL:     3   Next: 7%
Magic:  5/5        EV: 12    Int: 13    God:
Gold:   34         SH:  0    Dex: 18    Spells: 2/2 levels left

rFire   . . .        a - +0 shortbow (drain)
rCold   . . .        (shield currently unavailable)
rNeg    . . .        c - +0 leather armour
rPois   .            (no helmet)
rElec   .            (no cloak)
rCorr   .            (no gloves)
SInv    .            (no boots)
Will    .....        (no amulet)
Stlth   ++           (no ring)
HPRegen 0.23/turn    (no ring)
MPRegen 0.09/turn

%: no passive effects
@: about to teleport
A: no striking features
a: no special abilities


You were on level 1 of the Dungeon.
You visited 1 branch of the dungeon, and saw 2 of its levels.

You collected 34 gold pieces.


   Skills:
 - Level 1.5 Fighting
 + Level 6.7 Ranged Weapons
 - Level 2.4 Dodging
 - Level 1.2 Stealth


You had 2 spell levels left.
You didn't know any spells.
Your spell library was empty.

Inventory:

Hand Weapons
 a - a +0 shortbow of draining (weapon)
Armour
 c - a +0 leather armour (worn)
Potions
 g - a potion of curing

Dungeon Overview and Level Annotations

Branches:
Dungeon (2/15)

Altars:

Shops:
D:1 [[*?


Message History

You shoot an arrow.
The arrow hits the gnoll but does no damage.
You drain the gnoll.
The gnoll is moderately wounded.
The gnoll hits you with a +0 whip.
You shoot an arrow.
The arrow hits the gnoll but does no damage.
The gnoll is moderately wounded.
The gnoll hits you with a +0 whip.
You shoot an arrow. The arrow barely misses the gnoll.
The gnoll barely misses you. The gnoll hits you but does no damage.
You shoot an arrow. The arrow hits the gnoll!
You drain the gnoll.
The gnoll is almost dead.
The gnoll hits you but does no damage.
You shoot an arrow. The arrow barely misses the gnoll.
The gnoll hits you with a +0 whip.
You shoot an arrow. The arrow hits the gnoll.
You kill the gnoll!
You have reached level 3!
Your experience leads to an increase in your attributes!
Increase (S)trength, (I)ntelligence, or (D)exterity?
You feel stronger. x2
You start resting.
HP restored.
You climb downwards.
The gnoll shouts!
The bat closely misses you. The gnoll hits you with a +0 flail!
The bat closely misses you. The gnoll barely misses you.
There is a stone staircase leading up, spattered with blood here.
1067 ||| STAIRDANCE The bat closely misses you.
The gnoll hits you but does no damage. The gnoll hits you with a +0 flail!
Ouch! That really hurt!
You climb upwards.
There is a stone staircase leading down, spattered with blood here.
1069 ||| READING scroll of teleportation.
As you read the scroll of teleportation, it crumbles to dust.
You feel strangely unstable. The bat barely misses you.
The gnoll hits you with a +0 whip.
You die...

########### ######
#.........# #....#
#.g.).....# #.##.#
#..@......# #.##.#
#.gb......###.##.#
#..............#.#
#######.........###..#.#
#................##....#
#.##.#.........#'###.#####
##.#.###......###.#
#...... #...##
##...###...########. #
#..#.###.##.'...}..# #.


You could see 2 gnolls and a bat.

Vanquished Creatures
  A gnoll (D:1)
  A dart slug (D:1)
  4 ball pythons (D:1)
  2 endoplasms (D:1)
  2 giant cockroaches (D:1)
  A goblin (D:1)
  2 hobgoblins (D:1)
  A kobold (D:1)
  A quokka (D:1)
  2 frilled lizards (D:1)
  A rat (D:1)
18 creatures vanquished.

Notes
Turn   | Place    | Note
-------+----------+-------------------------------------------
     0 | D:1      | qw the Deep Elf Hunter began the quest for the Orb.
     0 | D:1      | Reached XP level 1. HP: 12/12 MP: 3/3
     0 | D:1      | 0 ||| qw: Version: 0.3-a-155-g5e7d8dd
     0 | D:1      | 0 ||| qw: Game counter: 2211
     0 | D:1      | 0 ||| qw: Melee chars always use a shield: true
     0 | D:1      | 0 ||| qw: God list: Okawaru
     0 | D:1      | 0 ||| qw: Allow faded altars: false
     0 | D:1      | 0 ||| qw: Do Orc after clearing Dungeon:15 true
     0 | D:1      | 0 ||| qw: Do second Lair branch before Depths: true
     0 | D:1      | 0 ||| qw: Lair rune preference: random
     0 | D:1      | 0 ||| qw: Goals: Normal
     0 | D:1      | 0 ||| PLANNING D:1-11
   232 | D:1      | Found Caneteo's Assorted Antiques.
   240 | D:1      | 240 ||| SHOPLISTING blue potion (17 gold, have 13).
   240 | D:1      | 240 ||| SHOPLISTING fizzy golden potion (17 gold, have 13).
   240 | D:1      | 240 ||| SHOPLISTING scroll labelled CYM CUCLOT (19 gold,
                  | have 13).
   240 | D:1      | 240 ||| SHOPLISTING scroll labelled WIREOQIOGA (19 gold,
                  | have 13).
   240 | D:1      | 240 ||| SHOPLISTING sedimented pink potion (17 gold, have
                  | 13).
   480 | D:1      | Reached skill level 6 in Ranged Weapons
   480 | D:1      | Reached XP level 2. HP: 16/16 MP: 4/4
   532 | D:1      | Found Xaboq's Antique Armour Shoppe.
   538 | D:1      | 538 ||| SHOPLISTING glowing ring mail (126 gold, have 30).
   538 | D:1      | 538 ||| SHOPLISTING glowing robe (66 gold, have 30).
   538 | D:1      | 538 ||| SHOPLISTING pair of boots (81 gold, have 30).
   538 | D:1      | 538 ||| SHOPLISTING ring mail (72 gold, have 30).
   549 | D:1      | Found Soezoekk's Magic Scroll Shoppe.
   561 | D:1      | 561 ||| SHOPLISTING scroll of teleportation (42 gold, have
                  | 30).
   636 | D:1      | Found Fuypt's Armour Shoppe.
   643 | D:1      | 643 ||| SHOPLISTING +0 ring mail (52 gold, have 30).
   643 | D:1      | 643 ||| SHOPLISTING +0 scale mail (52 gold, have 30).
   643 | D:1      | 643 ||| SHOPLISTING +1 cloak of willpower (214 gold, have
                  | 30).
   985 | D:1      | 985 ||| READING scroll labelled MIEMUCR NUCEHI.
   986 | D:1      | 986 ||| READING scroll labelled VIDURY XUFAECSU.
   987 | D:1      | 987 ||| READING scroll labelled TIUROUFRECSE.
   987 | D:1      | 987 ||| BRANDING +0 shortbow.
   988 | D:1      | 988 ||| READING 2 scrolls labelled CYM CUCLOT.
   988 | D:1      | 988 ||| IDENTIFYING fuming white potion
   989 | D:1      | 989 ||| READING scroll of identify.
   989 | D:1      | 989 ||| IDENTIFYING scroll labelled SAWIOXZ NEUMOO
   990 | D:1      | 990 ||| DROPPING scroll of butterflies.
  1009 | D:2      | 1009 ||| STAIRDANCE
  1028 | D:2      | 1028 ||| STAIRDANCE
  1036 | D:1      | Reached XP level 3. HP: 13/20 MP: 5/5
  1067 | D:2      | 1067 ||| STAIRDANCE
  1067 | D:2      | HP: 1/20 [gnoll/+0 flail (10)]
  1069 | D:1      | 1069 ||| READING scroll of teleportation.
  1069 | D:1      | Slain by a gnoll

Levels and vault maps discovered:
D:1:      dpeg_arrival_fog, layout_loops_corners, serial_shops, shop,
          nicolae_shop_rolling_square, shop, nicolae_shop_tiny_glass,
          roderic_lattice_a
D:2:      layout_basic, minmay_hexomino_p4, uniq_jessica,
          uniq_crazy_yiuf_cottage, uniq_natasha

Skill      XL: |  1 |
---------------+----+-----
Ranged Weapons | 6 |  6.7
Fighting       | |  1.5
Dodging        | |  2.4
Stealth        | |  1.2

Action                     || total
---------------------------++-------
   Fire: Shortbow          ||    40
    Use: Scroll            ||     6
 Armour: Leather armour    ||    10
  Dodge: Dodged            ||    12

Table legend:
 A = Non-vault XP
 B = Vault XP
 C = Vault XP percentage of total XP
 D = Non-vault monster count
 E = Vault monster count
 F = Vault count percentage of total count
                 A         B        C        D         E       F
            +---------+---------+-------+---------+---------+-------
      Total |      45 |       0 |   0.0 |      18 |       0 |   0.0
            +---------+---------+-------+---------+---------+-------
        D:1 |      45 |       0 |   0.0 |      18 |       0 |   0.0
            +---------+---------+-------+---------+---------+-------
